 Dungeon Crawl Stone Soup version 0.31-a0-219-g8d62b2e7bb (webtiles) character file.

Game seed: 17915612280465259746

51 qw the Shooter (level 3, -3/21 HPs)
             Began as a Gargoyle Hexslinger on July 3, 2023.
             Slain by a goblin
             ... wielding a +0 club
             ... led by Robin
              (5 damage)
             ... on level 2 of the Dungeon.
             The game lasted 00:00:29 (1221 turns).

qw the Shooter (Gargoyle Hexslinger)                Turns: 1221, Time: 00:00:29

Health: -3/21      AC:  9    Str: 11    XL:     3   Next: 81%
Magic:  4/4        EV: 10    Int: 13    God:
Gold:   34         SH:  0    Dex: 14    Spells: 3/4 levels left

rFire   . . .        Y - +1 sling
rCold   . . .        (no shield)
rNeg    + . .        e - +0 ring mail
rPois   inf          (no helmet)
rElec   +            (no cloak)
rCorr   .            j - +0 pair of gloves
SInv    .            (no boots)
Will    +....        (no amulet)
Stlth   +            f - ring of willpower
HPRegen 0.23/turn    (no ring)
MPRegen 0.09/turn

%: no passive effects
@: no status effects
A: sickness immunity, AC +3, negative energy resistance 1, electricity
resistance, torment resistance 1, petrification resistance
a: no special abilities


You were on level 2 of the Dungeon.
You visited 1 branch of the dungeon, and saw 2 of its levels.

You collected 34 gold pieces.


Innate Abilities, Weirdness & Mutations

You are immune to sickness and miasma.
Your stone body is resilient. (AC +3)
You are immune to poison.
You resist negative energy. (rN+)
You are resistant to electric shocks. (rElec)
You are resistant to unholy torment.
You are immune to petrification.


   Skills:
 - Level 2.0 Fighting
 + Level 3.4 Ranged Weapons
 - Level 1.0 Armour
 - Level 1.5 Dodging
 - Level 1.0 Spellcasting
 - Level 2.6 Hexes


You had 3 spell levels left.
You knew the following spells:

 Your Spells              Type           Power      Damage    Failure   Level
a - Slow                  Hex            28%        N/A       22%         1

Your spell library contained the following spells:

 Spells                   Type           Power      Damage    Failure   Level
 Inner Flame              Hex/Fire       4%         N/A       75%         3
 Portal Projectile        Hex/Tloc       8%         N/A       75%         3
 Cause Fear               Hex            3%         N/A       91%         4

Inventory:

Hand Weapons
 Y - a +1 sling (weapon)
Armour
 e - a +0 ring mail (worn)
 j - a +0 pair of gloves (worn)
Jewellery
 f - a ring of willpower (left hand)

Dungeon Overview and Level Annotations

Branches:
Dungeon (2/15)

Altars:

Annotations:
D:2 Robin


Message History

A hobgoblin comes into view.
The goblin hits you but does no damage. x2
Robin roars a battlecry!
The goblins go into a battle-frenzy!
You shoot a sling bullet.
The sling bullet closely misses the goblin.
The sling bullet hits the goblin but does no damage.
The goblin barely misses you. The goblin closely misses you.
A goblin comes into view. It is wielding a +0 club.
The goblin hits you with a +0 dagger. The goblin hits you with a +0 club.
You shoot a sling bullet. The sling bullet hits the goblin.
The goblin is heavily wounded.
The goblin hits you but does no damage. x2
A goblin comes into view. It is wielding a +0 club.
The goblin hits you but does no damage. The goblin misses you.
The goblin closely misses you. x2; The goblin hits you but does no damage.
The goblin barely misses you.
You shoot a sling bullet.
The sling bullet barely misses the goblin.
The sling bullet closely misses the hobgoblin.
The goblin closely misses you.
A goblin comes into view. It is wielding a +0 dagger.
The goblin unwields a +0 club.
The goblin wields a +0 sling.
The goblin shoots a sling bullet.
The sling bullet closely misses you. The goblin hits you but does no damage.
The goblin hits you with a +0 club. Robin throws the goblin at you!
You shoot a sling bullet. The goblin shouts!
The sling bullet hits the goblin.
You kill the goblin!
The goblin hits you with a +0 club. The goblin barely misses you. x2
The goblin hits you but does no damage.
You shoot a sling bullet. The sling bullet hits the goblin.
The goblin is moderately wounded.
The goblin hits you but does no damage. x2; Robin throws the goblin at you!
The goblin hits you but does no damage. x2; The goblin unwields a +0 sling.
The goblin wields a +0 club.
The goblin closely misses you. The goblin hits you with a +0 club.
The goblin closely misses you. The goblin hits you with a +0 club.
You die...

. #######.) #.!......
#...).g.. #.g.g....
################gg......
...............g@g......
################gg......
#.(...... #....)...
######... .. . ### ..#


You could see Robin, a hobgoblin (strong) and 7 goblins.

Vanquished Creatures
  6 bats
  3 endoplasms
  A giant cockroach (D:1)
  5 goblins (D:2)
  3 hobgoblins
  4 jackals (D:1)
  7 quokkas
  4 ball pythons (D:1)
  2 frilled lizards (D:1)
  5 kobolds
  3 rats
43 creatures vanquished.

Notes
Turn   | Place    | Note
-------+----------+-------------------------------------------
     0 | D:1      | qw the Gargoyle Hexslinger began the quest for the Orb.
     0 | D:1      | Reached XP level 1. HP: 12/12 MP: 2/2
     0 | D:1      | 0 ||| qw: Version: 0.3-a-40-ge99b1a8
     0 | D:1      | 0 ||| qw: Game counter: 351
     0 | D:1      | 0 ||| qw: Melee chars always use a shield: true
     0 | D:1      | 0 ||| qw: God list: Okawaru
     0 | D:1      | 0 ||| qw: Allow faded altars: false
     0 | D:1      | 0 ||| qw: Do Orc after clearing Dungeon:15 true
     0 | D:1      | 0 ||| qw: Do second Lair branch before Depths: true
     0 | D:1      | 0 ||| qw: Lair rune preference: random
     0 | D:1      | 0 ||| qw: Goals: Normal
     0 | D:1      | 0 ||| PLANNING D:1-11
   291 | D:1      | Reached XP level 2. HP: 16/16 MP: 3/3
   390 | D:1      | Reached skill level 3 in Ranged Weapons
   665 | D:1      | Reached XP level 3. HP: 21/21 MP: 4/4
  1017 | D:1      | 1017 ||| UPGRADING to +0 ring mail.
  1027 | D:1      | 1027 ||| DROPPING +0 robe.
  1028 | D:1      | 1028 ||| UPGRADING to +0 pair of gloves.
  1033 | D:1      | 1033 ||| UPGRADING to ring of willpower.
  1034 | D:1      | 1034 ||| READING scroll labelled OTO LE BECOYF.
  1038 | D:1      | 1038 ||| READING scroll labelled XUBLEG XESYQ.
  1039 | D:1      | 1039 ||| READING scroll labelled UCEOME YSEA.
  1040 | D:1      | 1040 ||| DRINKING 2 silvery potions.
  1041 | D:1      | 1041 ||| DROPPING scroll of poison.
  1042 | D:1      | 1042 ||| DROPPING potion of brilliance.
  1129 | D:2      | Reached skill level 1 in Armour
  1214 | D:2      | Noticed Robin
  1221 | D:2      | HP: 2/21 [goblin/+0 club[Robin] (5)]
  1221 | D:2      | Slain by a goblin

Levels and vault maps discovered:
D:1:      minmay_arrival_three_doors, layout_loops_corners, patterned_corridor
D:2:      layout_basic, minmay_misc_feat_roman, uniq_robin

Skill      XL: |  1  2  3 |
---------------+----------+-----
Ranged Weapons | 3 |  3.4
Fighting       | 2 |  2.0
Armour         | 1 |  1.0
Dodging        | |  1.5
Spellcasting   | |  1.0
Hexes          | |  2.6

Action                     || total
---------------------------++-------
   Fire: Sling             ||   121
    Use: Scroll            ||     3
         Potion            ||     1
 Armour: Robe              ||    14
         Ring mail         ||    20
  Dodge: Dodged            ||    48

Table legend:
 A = Non-vault XP
 B = Vault XP
 C = Vault XP percentage of total XP
 D = Non-vault monster count
 E = Vault monster count
 F = Vault count percentage of total count
                 A         B        C        D         E       F
            +---------+---------+-------+---------+---------+-------
      Total |      67 |       6 |   8.2 |      40 |       3 |   7.0
            +---------+---------+-------+---------+---------+-------
        D:1 |      44 |       0 |   0.0 |      27 |       0 |   0.0
        D:2 |      23 |       6 |  20.7 |      13 |       3 |  18.8
            +---------+---------+-------+---------+---------+-------
